 Dungeon Crawl Stone Soup version 0.29.0-4-gdea44cf6ec (webtiles) character file.

Game seed: 16984570169650300831

53 qw the Chopper (level 3, 0/21 HPs)
             Began as a Tengu Warper on Aug 28, 2022.
             Slain by Grinder (6 damage)
             ... while paralysed by Grinder
             ... on level 3 of the Dungeon.
             The game lasted 00:00:11 (2170 turns).

qw the Chopper (Tengu Warper)                       Turns: 2170, Time: 00:00:11

Health: 0/21       AC:  7    Str: 13    XL:     3   Next: 87%
Magic:  7/7        EV:  2    Int: 13    God:
Gold:   147        SH:  0    Dex: 15    Spells: 6/6 levels left

rFire   . . .      SeeInvis .   Y - +0 war axe
rCold   . . .      Faith    .   (no shield)
rNeg    . . .      Spirit   .   h - +0 ring mail
rPois   .          Reflect  .   (helmet restricted)
rElec   .          Harm     .   c - +1 cloak
rCorr   .          Rampage  .   (no gloves)
Will    .....                   (boots unavailable)
Stlth   ++........              (no amulet)
HPRegen 0.07/turn               (no ring)
MPRegen 0.10/turn               (no ring)

@: paralysed
A: beak, talons 3, thin skeletal structure 1
a: no special abilities


You were on level 3 of the Dungeon.
You visited 1 branch of the dungeon, and saw 3 of its levels.

You collected 147 gold pieces.


Innate Abilities, Weirdness & Mutations

You have a beak for a mouth.
You have claws for feet.
You have a somewhat thin skeletal structure. (Dex +2, Stealth+)


   Skills:
 - Level 2.0 Fighting
 + Level 4.5 Axes
 - Level 1.0 Throwing
 - Level 1.1 Armour
 - Level 2.1 Dodging
 - Level 2.0 Spellcasting
 - Level 2.4 Translocations


You had 6 spell levels left.
You didn't know any spells.
Your spell library contained the following spells:

 Spells                   Type           Power      Damage    Failure   Level
 Blink                    Tloc           14%        N/A       30%         2
 Gell's Gravitas          Tloc           7%         N/A       52%         3
 Lesser Beckoning         Tloc           7%         N/A       52%         3
 Teleport Other           Tloc           7%         N/A       52%         3
 Manifold Assault         Tloc           7%         N/A       99%         5

Inventory:

Hand Weapons
 k - a +0 mace
 Y - a +0 war axe (weapon)
Armour
 c - a +1 cloak (worn)
 h - a +0 ring mail (worn)
Potions
 a - a potion of attraction {unknown}
 d - a potion of magic {unknown}
 e - a potion of brilliance {unknown}

Dungeon Overview and Level Annotations

Branches:
Dungeon (3/15)

Altars:

Annotations:
D:3 Grinder


Message History

The jackal misses you. The jackal barely misses you. x2
You barely miss the jackal. You claw the jackal.
The jackal is heavily wounded.
You hit the fungus. You closely miss the jackal. The jackal closely misses you.
The jackal barely misses you.
The jackal bites you but does no damage.
The jackal barely misses you.
You closely miss the jackal. You claw the jackal, but do no damage.
The jackal is heavily wounded.
You slash the fungus! You hit the jackal.
A nearby fungus withers and dies.
The jackal barely misses you.
The jackal bites you but does no damage.
You hit the jackal but do no damage. You claw the jackal.
You kill the jackal!
You closely miss the jackal. The jackal barely misses you.
Grinder says, "DUCK!"
The jackal bites you but does no damage. x2
You closely miss the jackal.
The jackal is heavily wounded.
You barely miss the jackal. The jackal closely misses you.
The jackal bites you but does no damage.
The jackal closely misses you.
Grinder zaps a wand.
The puff of flame hits you! The jackal barely misses you.
You slash the jackal!
You kill the jackal!
You hit the jackal.
You kill the jackal!
Grinder rolls her eyes.
Grinder hits you but does no damage.
You slash Grinder!
Grinder is lightly wounded.
Grinder gestures at you. Pain shoots through your body!
Grinder blinks!
Grinder gestures at you.
You suddenly lose the ability to move!
Grinder hits you but does no damage. Grinder hits you.
You writhe in agony.
You die...

#...#...##..##.##.# ##
.###.###..##......# ## #.
..........##.#...## #.## #.
.###.###..#....#.####...########.
#. .#. .##.#.#....%...... .......
#... ...#....#....%...... ...#.
##.. ...#..........P....# #.#.
#..###.......P...PP...# #... #...
........P@8..P...+ #..#
..>..PP5..P....+ #.##
#......PPPP..#.# #.#
#...#...PP.....######.##
#...#...........)....... ...
.......###.###.#.... ..
........###.##.......
.................#....
.#.#.###.#....


You could see Grinder.

Vanquished Creatures
  An adder (D:2)
  A worm (D:2)
  5 ball pythons
  4 endoplasms
  2 giant cockroaches (D:1)
  2 hobgoblins
  4 jackals (D:3)
  A quokka (D:1)
  4 bats
  3 frilled lizards (D:2)
  2 goblins
  6 kobolds
  6 rats
41 creatures vanquished.

Vanquished Creatures (others)
  6 fungi (D:3)
6 creatures vanquished.

Grand Total: 47 creatures vanquished

Notes
Turn   | Place    | Note
-------+----------+-------------------------------------------
     0 | D:1      | qw the Tengu Warper began the quest for the Orb.
     0 | D:1      | Reached XP level 1. HP: 12/12 MP: 4/4
     0 | D:1      | 0 ||| qw: Version: 0.1-a-89-g26bdef1
     0 | D:1      | 0 ||| qw: Game counter: 3047
     0 | D:1      | 0 ||| qw: Always use a shield: true
     0 | D:1      | 0 ||| qw: God list: Okawaru
     0 | D:1      | 0 ||| qw: Allow faded altars: false
     0 | D:1      | 0 ||| qw: Do Orc after D:15 true
     0 | D:1      | 0 ||| qw: Do second Lair branch before Depths: true
     0 | D:1      | 0 ||| qw: Lair rune preference: random
     0 | D:1      | 0 ||| qw: Plans: Normal
     0 | D:1      | 0 ||| PLANNING D:1-11
   355 | D:1      | Reached XP level 2. HP: 17/17 MP: 6/6
   380 | D:1      | Reached skill level 3 in Axes
   677 | D:1      | 677 ||| DROPPING +0 club.
   838 | D:1      | 838 ||| UPGRADING to +0 ring mail.
   848 | D:1      | 848 ||| DROPPING +0 leather armour.
   849 | D:1      | 849 ||| DROPPING ring of flight.
   850 | D:1      | 850 ||| READING 2 scrolls labelled HEFATROIVE.
   851 | D:1      | 851 ||| READING scroll labelled HINUIGUDDOSK.
   852 | D:1      | 852 ||| DROPPING scroll of noise.
   853 | D:1      | 853 ||| DROPPING scroll of blinking.
  1234 | D:2      | Reached XP level 3. HP: 20/21 MP: 7/7
  1240 | D:2      | Found a faded altar of an unknown god.
  1289 | D:2      | Reached skill level 4 in Axes
  1902 | D:2      | 1902 ||| SWAPPING to +0 war axe.
  1903 | D:2      | 1903 ||| DROPPING +0 hand axe.
  1904 | D:2      | 1904 ||| UPGRADING to +1 cloak.
  1909 | D:2      | 1909 ||| READING scroll labelled CUT WEIHASI.
  1910 | D:2      | 1910 ||| DRINKING 2 lumpy purple potions.
  1910 | D:2      | Gained mutation: You expend magic power (3 MP) to
                  | strengthen your wands. [potion of mutation]
  1910 | D:2      | Gained mutation: Your flesh is cold resistant. (rC+)
                  | [potion of mutation]
  1910 | D:2      | Gained mutation: Armour fits poorly on your strangely
                  | shaped body. [potion of mutation]
  1911 | D:2      | 1911 ||| DRINKING potion of mutation.
  1911 | D:2      | Lost mutation: Armour fits poorly on your strangely shaped
                  | body. [potion of mutation]
  1911 | D:2      | Lost mutation: Your flesh is cold resistant. (rC+) [potion
                  | of mutation]
  1911 | D:2      | Lost mutation: You expend magic power (3 MP) to strengthen
                  | your wands. [potion of mutation]
  1911 | D:2      | Gained mutation: You have a somewhat thin skeletal
                  | structure. (Dex +2, Stealth+) [potion of mutation]
  2110 | D:3      | 2110 ||| Stepping ~*~*~tactically~*~*~ (stealth).
  2119 | D:3      | 2119 ||| Stepping ~*~*~tactically~*~*~ (stealth).
  2153 | D:3      | Noticed Grinder
  2167 | D:3      | Paralysed by Grinder for 5 turns
  2170 | D:3      | Slain by Grinder

Levels and vault maps discovered:
D:1:      minmay_arrival_shoal_huts, layout_loops_ring,
          minmay_misc_feat_ornament, chequers_serial_rivers_micro_c
D:2:      layout_basic, chequers_ecumenical_altar_island
D:3:      layout_loops_cross, general_overflow_altar,
          dreamdust_mushroom_princess, nicolae_titane, uniq_grinder

Skill      XL: |  1  2  3 |
---------------+----------+-----
Axes           | 3 4 |  4.5
Fighting       | |  2.0
Throwing       | |  1.0
Armour         | |  1.1
Dodging        | |  2.1
Spellcasting   | |  2.0
Translocations | |  2.4

Action                   || total
-------------------------++-------
Melee: Hand axe          ||    61
       Kick              ||    18
       Peck              ||     6
       Punch             ||     1
       War axe           ||    21
Throw: Boomerang         ||     7
  Use: Scroll            ||     3
       Potion            ||     2
Armor: Leather armour    ||     8
       Ring mail         ||    14
Dodge: Dodged            ||    39

Table legend:
 A = Non-vault XP
 B = Vault XP
 C = Vault XP percentage of total XP
 D = Non-vault monster count
 E = Vault monster count
 F = Vault count percentage of total count
                 A         B        C        D         E       F
            +---------+---------+-------+---------+---------+-------
      Total |      76 |       0 |   0.0 |      41 |       0 |   0.0
            +---------+---------+-------+---------+---------+-------
        D:1 |      19 |       0 |   0.0 |      12 |       0 |   0.0
        D:2 |      36 |       0 |   0.0 |      17 |       0 |   0.0
        D:3 |      21 |       0 |   0.0 |      12 |       0 |   0.0
            +---------+---------+-------+---------+---------+-------
